 Dungeon Crawl Stone Soup version 0.27.0-1-g7a089689b8 (webtiles) character file.

Game seed: 973342095062480369

7 mimimomo the Ducker (level 1, 0/16 HPs)
             Began as a Demonspawn Gladiator on Aug 2, 2021.
             Slain by a goblin (3 damage)
             ... on level 1 of the Dungeon.
             The game lasted 00:00:10 (48 turns).

mimimomo the Ducker (Demonspawn Gladiator)            Turns: 48, Time: 00:00:10

Health: 0/16       AC:  4    Str: 14    XL:     1   Next: 83%
Magic:  1/1        EV: 12    Int:  9    God:
Gold:   0          SH:  0    Dex: 14    Spells: 0/0 levels left

rFire    . . .     SeeInvis .   a - +0 war axe
rCold    . . .     Faith    .   (no shield)
rNeg     . . .     Spirit   .   b - +0 leather armour
rPois    .         Reflect  .   c - +0 helmet
rElec    .         Harm     .   (no cloak)
rCorr    .         Rampage  .   (no gloves)
Will     .....                  (no boots)
Stlth    +.........             (no amulet)
HPRegen  0.05/turn              (no ring)
MPRegen  0.07/turn              (no ring)

@: no status effects
A: no striking features
a: no special abilities


You were on level 1 of the Dungeon.
You visited 1 branch of the dungeon, and saw 1 of its levels.

Inventory:

Hand Weapons
 a - a +0 war axe (weapon)
Missiles
 d - 3 throwing nets (quivered)
Armour
 b - a +0 leather armour (worn)
 c - a +0 helmet (worn)


   Skills:
 + Level 2.1 Fighting
 + Level 2.7 Axes
 + Level 1.9 Throwing
 + Level 2.9 Dodging


You couldn't memorise any spells.
You didn't know any spells.
Your spell library contained the following spells:

 Spells                   Type           Power      Damage    Failure   Level
 Leda's Liquefaction      Hex/Erth       0%         N/A       99%         4
 Bolt of Magma            Conj/Fire/Erth 0%         4d4       100%        5
 Statue Form              Tmut/Erth      0%         N/A       100%        6


Dungeon Overview and Level Annotations

Branches:
Dungeon (1/15)

Altars:


Message History

The giant cockroach bites you but does no damage.
You hit the giant cockroach but do no damage.
The giant cockroach bites you but does no damage.
The giant cockroach closely misses you.
You barely miss the giant cockroach.
The giant cockroach bites you but does no damage.
The giant cockroach closely misses you.
You hit the giant cockroach.
The giant cockroach is almost dead.
The giant cockroach closely misses you.
You slash the giant cockroach!
You kill the giant cockroach!
The jackal barely misses you.
You closely miss the jackal. The jackal misses you.
The jackal barely misses you.
Your leather armour prevents you from hitting the jackal.
The jackal misses you. x2
You barely miss the jackal. The jackal barely misses you.
A bat comes into view.
The jackal closely misses you.
You hit the jackal.
The jackal is moderately wounded.
The jackal bites you but does no damage.
The jackal bites you.
You hit the jackal.
The jackal is almost dead.
The jackal bites you but does no damage. x2
You slash the jackal!
You kill the jackal!
The bat barely misses you. x2
You barely miss the bat. The bat hits you but does no damage. The bat hits you.
The bat misses you.
You closely miss the bat. The bat hits you but does no damage.
The bat closely misses you. The bat misses you.
You closely miss the bat. The bat barely misses you.
The bat closely misses you.
You closely miss the goblin. The goblin hits you with a +0 club.
* * * LOW HITPOINT WARNING * * *
The goblin hits you with a +0 club.
You die...

[# .( .## # .. >#
#.####..## .
##.........
....#..g........
#....Sg####..#.
#######@.......
.############.##...#.
..............# ...
..######.####.# .
#..##### ###8'8###
##≈≈≈.≈≈≈##
##≈≈≈.P.≈≈≈##
##≈≈P..8..P≈≈##


You could see a hobgoblin, a goblin and a ball python.

Vanquished Creatures
  A giant cockroach (D:1)
  3 jackals (D:1)
  A bat (D:1)
  A frilled lizard (D:1)
6 creatures vanquished.

Notes
Turn   | Place    | Note
-------+----------+-------------------------------------------
     0 | D:1      | mimimomo the Demonspawn Gladiator began the quest for the
                  | Orb.
     0 | D:1      | Reached XP level 1. HP: 16/16 MP: 1/1
    48 | D:1      | Slain by a goblin

Illustrated notes

Levels and vault maps discovered:
D:1:      lightli_arrival_statuegarden, layout_basic,
          ebering_ecumenical_altar_webs, serial_shops, shop_fountains,
          st_stairs_10, minmay_misc_feat_nine_boxes, minmay_hexomino_u4

Action                   || total
-------------------------++-------
Melee: War axe           ||    23
Armor: Leather armour    ||    13
Dodge: Dodged            ||    28
